 Dungeon Crawl Stone Soup version 0.22-a0-393-g7f50228 (webtiles) character file.

27 JeffiDaFish the Firebug (level 2, 0/20 HPs)
             Began as a Draconian Fire Elementalist on May 2, 2018.
             Slain by a kobold
             ... wielding a +0 whip
              (5 damage)
             ... on level 1 of the Dungeon.
             The game lasted 00:04:45 (814 turns).

JeffiDaFish the Firebug (DrFE)                       Turns: 814, Time: 00:04:45

Health: 0/20       AC:  4    Str: 10    XL:     2   Next: 93%
Magic:  0/5        EV: 12    Int: 15    God:
Gold:   31         SH:  0    Dex: 11    Spells: 4/5 levels left

rFire    . . .     SeeInvis .   a - -3 short sword (curse)
rCold    . . .     Gourm    .   (no shield)
rNeg     . . .     Faith    .   (armour unavailable)
rPois    .         Spirit   .   (helmet restricted)
rElec    .         Reflect  .   (no cloak)
rCorr    .         Harm     .   f - -1 pair of gloves (curse)
MR       .....                  (no boots)
Stlth    ++........             (no amulet)
HPRegen  0.06/turn              e - ring of flight
MPRegen  0.09/turn              (no ring)

@: very slightly contaminated
A: unfitting armour, cold-blooded, AC +4
a: Evoke Flight


You were on level 1 of the Dungeon.
You were not hungry.

You visited 1 branch of the dungeon, and saw 1 of its levels.

You collected 31 gold pieces.

Inventory:

Hand Weapons
 a - a cursed -3 short sword (weapon)
Armour
 f - a cursed -1 pair of gloves (worn)
Jewellery
 e - a ring of flight (left hand)
Scrolls
 c - 3 scrolls of identify
Potions
 g - a potion of berserk rage
Comestibles
 b - a ration
 d - 9 chunks of flesh


   Skills:
 + Level 2.1 Dodging
 - Level 1.7 Stealth
 + Level 2.3 Spellcasting
 + Level 1.6 Conjurations
 + Level 3.3 Fire Magic


You had 4 spell levels left.
You knew the following spells:

 Your Spells              Type           Power        Failure   Level  Hunger
a - Flame Tongue          Conj/Fire      #....        8%          1    #......


Dungeon Overview and Level Annotations

Branches:
Dungeon (1/15)

Altars:


Innate Abilities, Weirdness & Mutations

Your plain brown scales are hard. (AC +4)
You cannot fit into any form of body armour.
You are cold-blooded and may be slowed by cold attacks.


Message History

The flame tongue hits the kobold.
The kobold is moderately wounded.
The kobold hits you but does no damage.
Unknown command.
Casting: Flame Tongue (safe; 8% risk of failure)
Confirm with . or Enter, or press ? or * to list all spells.
Aiming: Flame Tongue (safe; 8% risk of failure)
Press: ? - help, Shift-Dir - straight line, f/p - kobold
Aim: a kobold, wielding a whip (moderately wounded)
The flame tongue misses the kobold.
The kobold throws a stone.
The stone barely misses you. The kobold hits you with a whip.
* * * LOW HITPOINT WARNING * * *
You closely miss the kobold.
The kobold is moderately wounded.
The kobold hits you but does no damage.
The kobold throws a stone.
The stone misses you.
You hit the kobold but do no damage.
The kobold is moderately wounded.
The kobold hits you with a whip.
You die...

..#...######...#
#...###....
..#...## #...#
#...# #....
.......## #...#
#...# #.....
.(......# #...#
#+### #.....
........# ###.#
.... ........#
#.# .$..
........# #)#
..... ##......#
#.#### .....
###+#+##
#..@.+...... #.
#...K#[.... #.#
#......# #.#
#..รท...# #.#
#......#
######.#
##....K.#
.....#.#
#.......#
.....#.####
#.####....
...###....# #.##
.....K


You could see 2 kobolds.

Vanquished Creatures
  2 dart slugs (D:1)
  2 leopard geckos (D:1)
  A ball python (D:1)
  A giant cockroach (D:1)
  2 goblins (D:1)
  2 hobgoblins (D:1)
  2 jackals (D:1)
  3 bats (D:1)
  2 kobolds (D:1)
  3 rats (D:1)
20 creatures vanquished.

Notes
Turn   | Place    | Note
-------+----------+-------------------------------------------
     0 | D:1      | JeffiDaFish the Draconian Fire Elementalist began the quest for the Orb.
     0 | D:1      | Reached XP level 1. HP: 14/14 MP: 3/3
   266 | D:1      | Reached XP level 2. HP: 10/20 MP: 0/5
   814 | D:1      | Slain by a kobold

Vault maps used:
D:1:      dpeg_arrival_round_c

Skill      XL: |  1 |
---------------+----+-----
Dodging        | 2 |  2.1
Stealth        | |  1.7
Spellcasting   | |  2.3
Conjurations   | |  1.6
Fire Magic     | |  3.3

Action                   || total
-------------------------++-------
Melee: Short sword       ||    53
       Tailslap          ||     3
 Cast: Flame Tongue      ||    32
  Use: Scroll            ||     2
       Potion            ||     2
Armor: Skin              ||    20
Dodge: Dodged            ||    32

Table legend:
 A = Spawn XP
 B = Non-spawn XP
 C = Spawn XP percentage of total XP
 D = Spawn monster count
 E = Non-spawn monster count
 F = Spawn count percentage of total count
 G = Total turns spent on level
                    A         B        C        D         E        F      G
               +---------+---------+-------+---------+---------+-------+---------
         Total |       0 |      39 |   0.0 |       0 |      20 |   0.0 |   814
               +---------+---------+-------+---------+---------+-------+---------
           D:1 |       0 |      39 |   0.0 |       0 |      20 |   0.0 |   814
               +---------+---------+-------+---------+---------+-------+---------
